 Dungeon Sprint DCSS version 0.24-a0-93-ge1bfdf8443 (webtiles) character file.

Game seed: 15681622954048956725

413 Denreik the Magician (level 6, -2/45 HPs)
             Began as a Gnoll Earth Elementalist on Feb 10, 2019.
             Was an Initiate of Gozag.
             Slain by a tentacle (24 damage)
             ... attached to a kraken
             ... in the Dungeon (Sprint II: "The Violet Keep of Menkaure").
             The game lasted 00:02:30 (93 turns).

Denreik the Magician (Gnoll Earth Elementalist)       Turns: 93, Time: 00:02:30

Health: -2/45      AC:  2    Str: 10    XL:     6   Next: 91%
Magic:  1/16       EV: 16    Int: 20    God:    Gozag
Gold:   243        SH:  0    Dex: 15    Spells: 9/19 levels left

rFire    + . .     SeeInvis .     - Unarmed
rCold    + . .     Gourm    .   (no shield)
rNeg     . . .     Faith    .   c - +0 robe
rPois    +         Spirit   .   (no helmet)
rElec    +         Reflect  .   (no cloak)
rCorr    +         Harm     .   (no gloves)
MR       .....     NoTele   +   (no boots)
Stlth    +++.......             (no amulet)
HPRegen  0.00/turn              (no ring)
MPRegen  0.15/turn              (no ring)

@: resistant, very slightly contaminated
A: distributed training, fangs 1, frail 1, screaming 1, inhibited regeneration,
strong nose
a: Potion Petition, Call Merchant, Bribe Branch, Renounce Religion


You were in the Dungeon.
You worshipped Gozag.
Gozag was aware of your devotion.
You were not hungry.

You visited 1 branch You collected 243 gold pieces.

Inventory:

Missiles
 b - 33 stones (quivered)
Armour
 c - a +0 robe (worn)
Potions
 e - a potion of curing
 f - a potion of heal wounds
 g - a potion of haste
 h - a potion of magic
 i - a potion of berserk rage
Comestibles
 a - 2 chunks of flesh
 d - a ration


   Skills:
 + Level 4.9 Fighting
 + Level 4.9 Short Blades
 + Level 4.9 Long Blades
 + Level 4.9 Axes
 + Level 4.9 Maces & Flails
 + Level 4.9 Polearms
 + Level 4.9 Staves
 + Level 4.9 Slings
 + Level 4.9 Bows
 + Level 4.9 Crossbows
 + Level 4.9 Throwing
 + Level 4.9 Armour
 + Level 6.8 Dodging
 + Level 6.5 Stealth
 + Level 4.9 Shields
 + Level 4.9 Unarmed Combat
 + Level 7.1 Spellcasting
 + Level 4.0 Conjurations
 + Level 4.0 Hexes
 + Level 4.0 Charms
 + Level 4.0 Summonings
 + Level 4.0 Necromancy
 + Level 4.0 Translocations
 + Level 4.6 Transmutations
 + Level 4.0 Fire Magic
 + Level 4.0 Ice Magic
 + Level 4.0 Air Magic
 + Level 6.9 Earth Magic
 + Level 4.0 Poison Magic
 + Level 5.4 Invocations
 + Level 4.9 Evocations


You had 9 spell levels left.
You knew the following spells:

 Your Spells              Type           Power        Failure   Level  Hunger
a - Sandblast             Erth           ####..       1%          1    None
b - Petrify               Tmut/Erth      ####....     9%          4    ###....
c - Passwall              Tmut/Erth      ####....     1%          2    None
d - Stone Arrow           Conj/Erth      ####..       3%          3    #......

Your spell library contained the following spells:

 Spells                   Type           Power        Failure   Level  Hunger
 Lee's Rapid Deconstruct  Erth           ####......   16%         5    #####..


Dungeon Overview and Level Annotations

Branches:
Dungeon (1/1)

Altars:
Cheibriados
Dithmenos
Elyvilon
Fedhas
Gozag
Hepliaklqana
Kikubaaqudgha
Makhleb
Nemelex Xobeh
Okawaru
Qazlal
Ru
Sif Muna
Trog
Uskayaw
Vehumet
Wu Jian
Xom
Yredelemnul
Zin
The Shining One
Beogh
Jiyva
Lugonu


Innate Abilities, Weirdness & Mutations

Your experience applies equally to all skills.
You have very sharp teeth.
Your uncanny sense of smell can sniff out nearby items.
You are frail. (-10% HP)
You occasionally shout uncontrollably at your foes.
You do not regenerate when monsters are visible.


Message History

You don't have enough magic to cast that spell.
Unknown command.
Unknown command.
You barely miss the neqoxec.
The neqoxec is moderately wounded.
The neqoxec gestures.
The quasit bites you.
The quasit claws you but does no damage.
The quasit closely misses you. The white imp gestures at you.
The puff of frost hits you. You resist.
Found a runed blowgun and a gnarled runed staff.
You see here a hunting sling.
The tentacle closely misses you.
You see here 29 stones.
b - 33 stones (gained 29)
The tentacle slaps you!!
Ouch! That really hurt!
You die...
Your body crumbles into a pile of gold.

○.°▓≈≈≈≈§≈≈§▓▓ ∆
#|)▓▓▓▓▓▓▓▓▓▓▓ $$
#°°▓[?!!)!$?▓▓ $ ∆
#)|▓!!!()=$%▓▓ ### $+.###
[)▓%$$!$!((▓▓ ..#∆ ...#
#▓$??!%!$[▓▓$ ..## #..#
$#▓$?!w?$))▓▓ $ #..# +..#
#▓((@5\$$?▓▓ #÷.# $#..#
#▓!(5t5│)[▓▓
'..####^.####▓$%$3.│$)▓▓
#..§§###...##▓▓▓▓▓▓▓\▓▓▓
#.§....≈≈≈≈≈≈≈≈≈≈≈≈ht──X≈≈▓∆
$
≈≈§....≈#'########'###.ww≈▓$
≈≈≈§≈..≈#_._.....#§§≈ #≈≈≈▓$
$$ ≈≈§≈≈≈.≈#._._....#§§§
###▓ §§§§≈≈§≈#_._._...#§§§
$$ $$


You could see a kraken, 2 tentacles, a polar bear, a neqoxec, 2 crocodiles, an
iron imp, a quasit and a white imp.

Vanquished Creatures
  3 neqoxecs (D)
  A crocodile (D)
4 creatures vanquished.

Vanquished Creatures (others)
  A tentacle (D)
1 creature vanquished.

Grand Total: 5 creatures vanquished

Notes
Turn   | Place    | Note
-------+----------+-------------------------------------------
     0 | D        | Denreik the Gnoll Earth Elementalist began the quest for
                  | the Orb.
     0 | D        | Reached XP level 1. HP: 13/13 MP: 6/6
     1 | D        | Noticed a neqoxec
     1 | D        | Noticed a neqoxec
     6 | D        | Gained mutation: You occasionally shout uncontrollably at
                  | your foes. [a neqoxec]
     7 | D        | Killed a neqoxec
     7 | D        | Reached skill level 5 in Dodging
     7 | D        | Reached skill level 5 in Stealth
     7 | D        | Reached skill level 6 in Spellcasting
     7 | D        | Reached XP level 2. HP: 18/24 MP: 0/9
     7 | D        | Reached XP level 3. HP: 22/29 MP: 0/10
     7 | D        | Reached XP level 4. HP: 27/35 MP: 0/12
     7 | D        | Reached XP level 5. HP: 32/41 MP: 0/13
    12 | D        | Killed a neqoxec
    12 | D        | Reached XP level 6. HP: 18/48 MP: 10/15
    15 | D        | Noticed a neqoxec
    15 | D        | Gained mutation: You are frail. (-10% HP) [a neqoxec]
    24 | D        | Gained mutation: You do not regenerate when monsters are
                  | visible. [a neqoxec]
    26 | D        | Killed a neqoxec
    26 | D        | Reached skill level 7 in Spellcasting
    26 | D        | Reached skill level 5 in Invocations
    32 | D        | Learned a level 4 spell: Petrify
    43 | D        | Found an iron altar of Okawaru.
    43 | D        | Found a radiant altar of Vehumet.
    44 | D        | Found a sparkling altar of Nemelex Xobeh.
    44 | D        | Found a hide-covered altar of Uskayaw.
    44 | D        | Found a glowing silver altar of Zin.
    45 | D        | Found an opulent altar of Gozag.
    45 | D        | Found a burning altar of Makhleb.
    45 | D        | Found a bloodstained altar of Trog.
    45 | D        | Found a basalt altar of Yredelemnul.
    46 | D        | Found a blossoming altar of Fedhas.
    46 | D        | Found a corrupted altar of Lugonu.
    46 | D        | Found a deep blue altar of Sif Muna.
    47 | D        | Found a white marble altar of Elyvilon.
    47 | D        | Found an ancient bone altar of Kikubaaqudgha.
    48 | D        | Found a shadowy altar of Dithmenos.
    48 | D        | Found a viscous altar of Jiyva.
    49 | D        | Found a snail-covered altar of Cheibriados.
    51 | D        | Found a roughly hewn altar of Beogh.
    51 | D        | Found a shimmering altar of Xom.
    51 | D        | Found a sacrificial altar of Ru.
    51 | D        | Found a hazy altar of Hepliaklqana.
    52 | D        | Found a glowing golden altar of the Shining One.
    52 | D        | Found an ornate altar of the Wu Jian Council.
    52 | D        | Found a stormy altar of Qazlal.
    54 | D        | Became a worshipper of Gozag Ym Sagoz the Greedy
    64 | D        | Learned a level 2 spell: Passwall
    68 | D        | Learned a level 3 spell: Stone Arrow
    79 | D        | Noticed a neqoxec
    81 | D        | Noticed a polar bear
    83 | D        | Noticed a kraken
    93 | D        | Slain by a tentacle

Levels and vault maps discovered:
D:        the_violet_keep_of_menkaure [sprint2_stairs_cluster_1,
          sprint2_shoproom, sprint2_temple, sprint2_basic_supplies,
          sprint2_obstacle_3, sprint2_obstacle_1, sprint2_obstacle_4,
          sprint2_obstacle_6, sprint2_obstacle_2, sprint2_timed_cluster_1,
          sprint2_smallroom_cluster_1, sprint2_smallroom_final_cluster_1,
          sprint2_transparent_cluster_1, sprint2_second_timed_cluster_1,
          sprint2_sniper_area_1, sprint2_heavy_combat_area_1,
          sprint2_mutation_trap_area_1, sprint2_forest_area_1,
          sprint2_light_combat_area_1, sprint2_behind_water_1,
          sprint2_near_end_vault_1]

Skill      XL: |  1  2  3  4  5  6 |
---------------+-------------------+-----
Fighting       | 3 4 |  4.9
Short Blades   | 3 4 |  4.9
Long Blades    | 3 4 |  4.9
Axes           | 3 4 |  4.9
Maces & Flails | 3 4 |  4.9
Polearms       | 3 4 |  4.9
Staves         | 3 4 |  4.9
Slings         | 3 4 |  4.9
Bows           | 3 4 |  4.9
Crossbows      | 3 4 |  4.9
Throwing       | 3 4 |  4.9
Armour         | 3 4 |  4.9
Dodging        | 5 6 |  6.8
Stealth        | 5 6 |  6.5
Shields        | 3 4 |  4.9
Unarmed Combat | 3 4 |  4.9
Spellcasting   | 6 7 |  7.1
Conjurations   | 2 3 4 |  4.0
Hexes          | 2 3 4 |  4.0
Charms         | 2 3 4 |  4.0
Summonings     | 2 3 4 |  4.0
Necromancy     | 2 3 4 |  4.0
Translocations | 2 3 4 |  4.0
Transmutations | 3 4 |  4.6
Fire Magic     | 2 3 4 |  4.0
Ice Magic      | 2 3 4 |  4.0
Air Magic      | 2 3 4 |  4.0
Earth Magic    | 6 |  6.9
Poison Magic   | 2 3 4 |  4.0
Invocations    | 3 4 5 |  5.4
Evocations     | 3 4 |  4.9

Action                   |  1- 3 |  4- 6 || total
-------------------------+-------+-------++-------
Melee: Unarmed           |       |    11 ||    11
       Punch             |       |     1 ||     1
       Bite              |       |     1 ||     1
 Cast: Sandblast         |     5 |    21 ||    26
       Petrify           |       |     1 ||     1
  Use: Potion            |       |     2 ||     2
       Scroll            |       |     1 ||     1
 Stab: Petrified         |       |     1 ||     1
Armor: Robe              |       |     1 ||     1
Dodge: Dodged            |       |     9 ||     9

Table legend:
 A = Non-vault XP
 B = Vault XP
 C = Vault XP percentage of total XP
 D = Non-vault monster count
 E = Vault monster count
 F = Vault count percentage of total count
                 A         B        C        D         E       F
            +---------+---------+-------+---------+---------+-------
      Total |       0 |     591 | 100.0 |       0 |       4 | 100.0
            +---------+---------+-------+---------+---------+-------
          D |       0 |     591 | 100.0 |       0 |       4 | 100.0
            +---------+---------+-------+---------+---------+-------
